AoeStats
← Mhafiki

Arabia

507204446Analyzed
3v3 RM · 14d ago on Sep 17, 2026· 80m 22s· 6 players
Game mode
Random Map
Map size
Normal (6 player)
Population
200
Speed
Normal
Resources
Standard
Victory
Conquest
Starting age
Dark Age
Ending age
Imperial Age
RankedLock teamsTeams togetherTeam positionsShared explorationLock speedFull tech treeHidden civsTurbo modeCheats
Victory
Defeat
🇺🇸 Poles · United States
1195
+13
🇺🇸 Mongols · United States
1091
+18
🇺🇸 Tupi · United States
1081
+18
🇨🇳 Tatars · China
1146
-17
🇨🇳 Berbers · China
1140
-17
🇫🇷 Persians · France
1108
-15
Nap0leoN
8:55 Feudal Age
9:58 Double-Bit Axe
10:36 Loom
13:08 Horse Collar
19:11 Castle Age
18:11 Bloodlines
18:18 Scale Barding Armor
18:10 Gold Mining
18:06 Horse Collar
20:07 Husbandry
21:03 Forging
30:39 Chain Barding Armor
30:59 Gold Shaft Mining
30:27 Stone Mining
31:44 Bow Saw
32:13 Wheelbarrow
33:20 Stone Shaft Mining
32:49 Heavy Plow
34:40 Hand Cart
35:08 Iron Casting
37:36 Imperial Age
35:57 Devotion
37:55 Iron Casting
37:12 Fletching
38:28 Plate Barding Armor
37:16 Cavalier
38:18 Fletching
38:56 Conscription
38:37 Savar
41:04 Chemistry
44:04 Thumb Ring
43:58 Bodkin Arrow
44:04 Padded Archer Armor
44:30 Citadels
45:33 Ballistics
44:35 Crossbowman
44:42 Elite War Elephant
45:58 Hoardings
47:15 Leather Archer Armor
50:22 Kamandaran
51:46 Murder Holes
52:02 Masonry
52:16 Town Watch
54:37 Caravan
54:50 Caravan
54:26 Pikeman
55:08 Squires
54:53 Arson
55:11 Scale Mail Armor
54:48 Light Cavalry
55:40 Hussar
58:14 Blast Furnace
65:28 Architecture
72:13 Crop Rotation
72:11 Elite Skirmisher
74:05 Halberdier
228811348
3:05 Loom
12:08 Feudal Age
13:41 Wheelbarrow
13:16 Double-Bit Axe
14:03 Horse Collar
14:15 Gold Mining
20:57 Castle Age
19:27 Forging
22:22 Hand Cart
24:27 Forging
24:56 Gold Shaft Mining
24:32 Bow Saw
24:23 Heavy Plow
25:12 Scale Barding Armor
26:06 Iron Casting
26:14 Chain Barding Armor
26:07 Bloodlines
25:57 Husbandry
27:26 Stone Mining
28:01 Fletching
29:23 Stone Shaft Mining
30:02 Bodkin Arrow
32:49 Padded Archer Armor
34:06 Leather Archer Armor
37:02 Kasbah
38:40 Ballistics
43:41 Imperial Age
41:52 Treadmill Crane
42:51 Thumb Ring
43:44 Elite Camel Archer
44:46 Conscription
45:10 Maghrebi Camels
46:25 Chemistry
45:31 Siege Engineers
45:58 Bracer
46:28 Ring Archer Armor
47:03 Guilds
47:13 Elite Genitour
51:26 Hoardings
52:30 Ring Archer Armor
52:13 Masonry
52:02 Murder Holes
54:01 Crossbowman
56:11 Crossbowman
59:56 Town Watch
73:26 Caravan
逆天小肥猪
6:14 Loom
11:22 Feudal Age
11:55 Double-Bit Axe
18:28 Castle Age
17:34 Horse Collar
20:46 Heavy Plow
23:34 Bow Saw
23:22 Fletching
26:06 Gold Mining
26:44 Padded Archer Armor
27:44 Bloodlines
28:04 Bodkin Arrow
28:09 Stone Mining
29:18 Wheelbarrow
29:20 Leather Archer Armor
29:07 Husbandry
29:47 Town Watch
33:50 Gold Shaft Mining
36:42 Imperial Age
34:30 Hand Cart
35:25 Ballistics
38:00 Crop Rotation
37:34 Heavy Cavalry Archer
38:36 Conscription
38:17 Silk Armor
38:24 Bracer
38:55 Ring Archer Armor
43:10 Scale Barding Armor
43:15 Forging
44:21 Chemistry
43:01 Elite Keshik
44:44 Treadmill Crane
45:34 Chain Barding Armor
45:50 Iron Casting
47:03 Plate Barding Armor
54:10 Blast Furnace
52:38 Light Cavalry
54:18 Guilds
54:53 Hussar
58:39 Caravan
59:27 Scale Mail Armor
58:53 Pikeman
59:34 Squires
64:58 Halberdier
65:27 Arson
66:11 Masonry
66:08 Siege Engineers
75:20 Elite Genitour
76:46 Town Patrol
77:14 Bombard Tower
76:51 Murder Holes
80:04 Timurid Siegecraft
DVaso
9:34 Feudal Age
9:49 Loom
10:40 Double-Bit Axe
10:54 Horse Collar
18:46 Castle Age
18:24 Bloodlines
20:26 Bow Saw
26:16 Fletching
31:18 Imperial Age
30:06 Heavy Plow
30:18 Thumb Ring
31:23 Wheelbarrow
31:00 Gold Mining
31:25 Padded Archer Armor
31:52 Bodkin Arrow
32:42 Leather Archer Armor
33:21 Ballistics
33:29 Bracer
34:41 Parthian Tactics
35:01 Conscription
35:18 Husbandry
35:42 Capped Ram
38:16 Chemistry
38:32 Town Watch
39:02 Hand Cart
39:32 Drill
41:03 Elite Mangudai
43:55 Heavy Camel Rider
45:12 Scale Barding Armor
47:07 Chain Barding Armor
49:07 Forging
49:12 Siege Ram
52:09 Light Cavalry
53:26 Iron Casting
53:19 Town Patrol
53:57 Gold Shaft Mining
53:14 Stone Mining
54:28 Hussar
56:45 Hoardings
57:12 Blast Furnace
56:25 Masonry
57:16 Siege Engineers
64:14 Caravan
65:14 Heavy Scorpion
68:51 Murder Holes
70:55 Onager
75:20 Siege Onager
Mhafiki
7:45 Loom
10:14 Feudal Age
10:37 Horse Collar
10:43 Double-Bit Axe
16:27 Bloodlines
22:13 Castle Age
20:23 Fletching
20:45 Forging
20:40 Scale Barding Armor
23:33 Bow Saw
23:53 Heavy Plow
25:16 Bow Saw
28:26 Fletching
31:32 Light Cavalry
35:25 Chain Barding Armor
37:54 Wheelbarrow
37:55 Iron Casting
38:35 Bodkin Arrow
39:47 Padded Archer Armor
39:54 Thumb Ring
39:11 Crossbowman
40:48 Leather Archer Armor
41:02 Gold Mining
41:06 Stone Mining
41:39 Hand Cart
44:02 Imperial Age
42:20 Ballistics
45:01 Bracer
44:24 Arbalester
44:27 Winged Hussar
45:08 Husbandry
46:09 Blast Furnace
46:14 Chemistry
45:25 Masonry
45:20 Siege Engineers
44:56 Treadmill Crane
45:40 Conscription
45:55 Hoardings
45:33 Town Watch
50:33 Caravan
55:51 Crop Rotation
68:33 Lechitic Legacy
75:57 Town Patrol
Triqem
8:13 Loom
10:43 Feudal Age
19:02 Castle Age
19:49 Double-Bit Axe
20:05 Horse Collar
20:44 Stone Mining
21:34 Fletching
23:11 Wheelbarrow
22:05 Champi Runner
23:11 Bow Saw
22:53 Pikeman
24:52 Scale Mail Armor
25:50 Squires
27:17 Forging
27:43 Heavy Plow
32:30 Padded Archer Armor
32:50 Chain Mail Armor
33:42 Bodkin Arrow
34:45 Leather Archer Armor
34:27 Arson
38:53 Imperial Age
38:00 Iron Casting
36:59 Champi Warrior
38:06 Ballistics
38:15 Gold Mining
39:13 Hand Cart
38:44 Town Watch
39:48 Gold Shaft Mining
39:23 Elite Blackwood Archer
40:14 Halberdier
42:21 Chemistry
41:26 Bracer
43:00 Plate Mail Armor
48:39 Curare
51:42 Conscription
54:45 Town Patrol
54:29 Elite Champi Warrior
64:20 Caravan
72:05 Hoardings
73:41 Treadmill Crane
78:06 Two-Man Saw
Connection lost

Rejoining the realm…

Still unreachable

The connection could not be restored.

Session expired

The server has moved on; the page needs a fresh start.